 Dungeon Crawl Stone Soup version 0.18-a0-1797-gc18daef (webtiles) character file.

65 macross the Sneak (level 3, -3/18 HPs)
             Began as a Spriggan Assassin on Apr 22, 2016.
             Slain by a worm (5 damage)
             ... on level 2 of the Dungeon.
             The game lasted 00:10:26 (3158 turns).

macross the Sneak (Spriggan Assassin)               Turns: 3158, Time: 00:10:26

Health: -3/18      AC:  3    Str:  7    XL:     3   Next: 94%
Magic:  4/4        EV: 18    Int: 12    God:
Gold:   88         SH:  0    Dex: 16    Spells: 0 memorised, 2 levels left

rFire  . . .     SeeInvis +     q - -1 dagger (curse)
rCold  . . .     Gourm    .     c - +0 robe
rNeg   . . .     Faith    .     (shield restricted)
rPois  .         Spirit   .     (helmet restricted)
rElec  .         Dismiss  .     d - +0 cloak
rCorr  +         Reflect  .     (gloves unavailable)
SustAt .         Harm     .     (boots unavailable)
MR     .....                    (no amulet)
Stlth  ++++......               (no ring)
                                p - ring of resist corrosion

@: very quick, not resistant to hostile enchantments, stealthy
A: unfitting armour, antennae 1, see invisible, clumsy 1, herbivore 3, speed 3,
screaming 1, slow metabolism 2
a: no special abilities


You were on level 2 of the Dungeon.
You were hungry.

You visited 1 branch of the dungeon, and saw 2 of its levels.

You collected 88 gold pieces.

Inventory:

Hand Weapons
 a - a +2 dagger
 b - a +0 blowgun
 q - a cursed -1 dagger (weapon)
Missiles
 e - 8 poisoned needles
 f - 2 curare-tipped needles
Armour
 c - a +0 robe (worn)
 d - a +0 cloak (worn)
 n - a +0 robe
Jewellery
 p - a ring of resist corrosion (left hand)
Potions
 k - a potion of haste
 l - a potion of mutation
 m - a potion of brilliance
 o - a potion of heal wounds
Comestibles
 g - 2 bread rations
 h - 2 fruits


   Skills:
 + Level 1.6 Fighting
 * Level 2.7 Short Blades
 - Level 2.0 Throwing
 * Level 3.2 Dodging
 * Level 7.3 Stealth


You had 2 spell levels left.
You didn't know any spells.

Dungeon Overview and Level Annotations

Branches:
Dungeon (2/15)

Altars:
Pakellas
Ru

Shops:
D:2 }


Innate Abilities, Weirdness & Mutations

You are tiny and cannot use many weapons and most armour.
You have supernaturally acute eyesight.
You are a herbivore.
You cover ground extremely quickly.
You need consume almost no food.
You have a pair of small antennae on your head.
You are clumsy. (Dex -2)
You occasionally shout uncontrollably at your foes.


Message History

The worm barely misses you. The worm barely misses you.
The worm barely misses you. The worm bites you. The worm completely misses you.
The worm misses you. The worm bites you. The worm barely misses you.
The worm misses you. The worm bites you but does no damage. The worm bites you!
Ouch! That really hurt!
The worm bites you.
* * * LOW HITPOINT WARNING * * *
The worm closely misses you. The worm closely misses you.
The worm barely misses you. The worm closely misses you. The worm bites you.
You die...

...รท......##.....................
..........##................#....
............................#....
........#####........)..)...(....
##...#.### ###.........###......
#.#.....# ###......## #......
#.#.###.### #......# ###...#
#.........######......######...#
###..##.##......@w............>.#
.##.###.#####....#...........##.#
.##.###....##....#...........##.#
........##.##....####........##..
..#.....................)....##..
..#.....###.......####...........
........# ###...).# #(.....).#.(.
.######.#####.....###........##.)
## #......................##..


You could see a worm.

Vanquished Creatures
  An ooze (D:2)
  3 dart slugs
  4 giant geckos (D:1)
  A ball python (D:1)
  4 giant cockroaches
  4 goblins (D:2)
  5 hobgoblins
  4 jackals (D:2)
  2 quokkas (D:2)
  5 bats
  2 giant newts
  7 kobolds
  6 rats
48 creatures vanquished.

Notes
Turn   | Place    | Note
--------------------------------------------------------------
     0 | D:1      | macross the Spriggan Assassin began the quest for the Orb.
     0 | D:1      | Reached XP level 1. HP: 10/10 MP: 2/2
    48 | D:1      | Reached skill level 6 in Stealth
   219 | D:1      | Reached XP level 2. HP: 14/14 MP: 3/3
   551 | D:1      | Reached skill level 7 in Stealth
   873 | D:1      | Reached XP level 3. HP: 18/18 MP: 4/4
  1028 | D:2      | Gained mutation: You occasionally shout uncontrollably at your foes. [potion of mutation]
  1028 | D:2      | Gained mutation: You have a pair of small antennae on your head. [potion of mutation]
  1028 | D:2      | Gained mutation: You are clumsy. (Dex -2) [potion of mutation]
  1712 | D:2      | Found a sacrificial altar of Ru.
  2094 | D:2      | Found an oddly glowing altar of Pakellas.
  2094 | D:2      | Found Pakellas's Prime Provisions.
  3158 | D:2      | Slain by a worm

Vault maps used:
D:1:      dpeg_arrival_orchard, minmay_misc_feat_more_columns
D:2:      nicolae_ru_awakened_eye, johnstein_pakellas_shop

Skill      XL: |  1  2  3 |
---------------+----------+-----
Stealth        | 6 7 |  7.3
Dodging        | 2 3 |  3.2
Fighting       | |  1.6
Short Blades   | |  2.7
Throwing       | |  2.0

Action                   || total
-------------------------++-------
Melee: Dagger            ||   248
  Use: Scroll            ||     3
       Potion            ||     3
 Stab: Sleeping          ||    19
Armor: Robe              ||    30
Dodge: Dodged            ||   243
